 Dungeon Crawl Stone Soup version 0.25-a0-565-g8875c97ebb (webtiles) character file.

Game seed: 8223097222679015254, levelgen mode: classic

2646 EnegeticOcto the Chopper (level 9, 28/85 HPs)
             Began as a Deep Dwarf Fighter on Feb 26, 2020.
             Quit the game on level 7 of the Dungeon.
             The game lasted 00:02:32 (2628 turns).

EnegeticOcto the Chopper (Deep Dwarf Fighter)       Turns: 2628, Time: 00:02:33

Health: 28/85      AC: 13    Str: 23    XL:     9   Next: 36%
Magic:  0/0        EV:  8    Int:  9    God:
Gold:   276        SH: 12    Dex: 12    Spells: 8/8 levels left

rFire    . . .     SeeInvis .   a - +1 war axe
rCold    + . .     Gourm    .   f - +2 kite shield
rNeg     . . .     Faith    .   l - +0 chain mail
rPois    .         Spirit   .   (no helmet)
rElec    .         Reflect  .   (no cloak)
rCorr    .         Harm     .   (no gloves)
MR       +....                  p - +2 pair of boots
Stlth    ..........             (no amulet)
HPRegen  0.00/turn              v - ring of protection from cold
MPRegen  0.07/turn              (no ring)

@: mildly poisoned (28 -> 28), non-regenerating
A: damage resistance, heal wounds, sense surroundings 2, no regeneration
a: Heal Wounds


You were on level 7 of the Dungeon.
You were not hungry.

You visited 1 branch of the dungeon, and saw 7 of its levels.

You collected 276 gold pieces.

Inventory:

Hand Weapons
 a - a +1 war axe (weapon)
Missiles
 m - 2 throwing nets (quivered)
Armour
 f - a +2 kite shield (worn)
 l - a +0 chain mail (worn)
 p - a +2 pair of boots (worn)
Jewellery
 v - a ring of protection from cold (left hand)
Wands
 c - a wand of clouds (5)
Scrolls
 b - 3 scrolls of remove curse {@r6}
 d - 7 scrolls of identify {@r1}
 i - 3 scrolls of enchant weapon
 q - 2 scrolls of teleportation {@r2}
 r - a scroll of enchant armour
Potions
 g - 5 potions of curing {@q1}
 h - a potion of invisibility
 k - 4 potions of might {@q3}
 n - 2 potions of haste {@q4}
 s - a potion of cancellation
Comestibles
 e - 7 rations
 j - 3 chunks of flesh


   Skills:
 * Level 6.9 Fighting
 * Level 7.8 Axes
 + Level 6.2 Armour
 + Level 5.0 Dodging
 + Level 6.2 Shields


You had 8 spell levels left.
You didn't know any spells.
Your spell library was empty.

Dungeon Overview and Level Annotations

Branches:
Dungeon (7/15)
 Temple: D:4-7

Altars:
Fedhas
Qazlal
Wu Jian
The Shining One


Innate Abilities, Weirdness & Mutations

You are resistant to damage.
You can heal yourself by infusing magical energy.
You passively map the area around you.
You do not regenerate.


Message History

You are more poisoned.
The killer bee poisons you! You block the killer bee's attack.
You block the orc warrior's attack. The orc hits you but does no damage.
The hippogriff bites you but does no damage.
The hippogriff pecks you. The hippogriff barely misses you.
You are too injured to fight recklessly!
You are too injured to fight recklessly!
Your magical essence is drained by the effort!
You feel much better.
You feel sick.
The killer bee stings you but does no damage.
You block the killer bee's attack. You block the orc warrior's attack.
The hippogriff bites you but does no damage.
The hippogriff pecks you. The hippogriff claws you.
The orc hits you with a +0 mace.
You don't have enough innate magic capacity.
You hit the orc.
You kill the orc!
You hit the killer bee. You hit the hippogriff.
You barely miss the orc warrior.
You feel sick. You block the killer bee's attack.
The killer bee barely misses you.
The orc warrior hits you but does no damage.
The hippogriff bites you but does no damage.
The hippogriff pecks you but does no damage.
The hippogriff claws you but does no damage.
You block the killer bee's attack.
You hit the orc warrior.
The orc warrior is almost dead.
You slash the hippogriff!
You kill the hippogriff!
You barely miss the killer bee.
You feel sick. The killer bee stings you. You block the orc warrior's attack.
The killer bee completely misses you.
You hit the orc warrior.
The orc warrior is almost dead.
You hit the killer bee. The killer bee stings you.
You are more poisoned.
The killer bee poisons you!
The centaur wields a +0 shortbow.
The centaur shoots an arrow.
The arrow hits you.
The killer bee stings you but does no damage.
You block the orc warrior's attack.
The centaur shoots an arrow.
You block the arrow.
You closely miss the orc warrior.
The orc warrior is almost dead.
You completely miss the killer bee.
You feel very sick. You block the killer bee's attack.
The killer bee stings you. You block the orc warrior's attack.
The centaur shoots an arrow.
The arrow hits you.
The killer bee stings you but does no damage.
The orc warrior hits you but does no damage.
Your shield and chain mail prevent you from hitting the orc warrior.
The orc warrior is almost dead.
You miss the killer bee.
You feel sick.
The centaur shoots an arrow.
The arrow hits you. You block the killer bee's attack.
The centaur shoots an arrow.
You block the arrow.
The killer bee stings you but does no damage.
You block the orc warrior's attack.
Your shield and chain mail prevent you from hitting the orc warrior.
The orc warrior is almost dead.
You hit the killer bee.
You feel very sick. You block the killer bee's attack.
The centaur shoots an arrow.
The arrow hits you but does no damage. You block the killer bee's attack.
You block the orc warrior's attack.
The centaur shoots an arrow.
The arrow hits you.
You are too injured to fight recklessly!
You are too injured to fight recklessly!
You are too injured to fight recklessly!
You are too injured to fight recklessly!
You are too injured to fight recklessly!
You are too injured to fight recklessly!
You are too injured to fight recklessly!
You are too injured to fight recklessly!
You are too injured to fight recklessly!
You are too injured to fight recklessly!
You are too injured to fight recklessly!
You are too injured to fight recklessly!
You are too injured to fight recklessly!
You are too injured to fight recklessly!
You are too injured to fight recklessly!
You don't have enough innate magic capacity.
You closely miss the killer bee.
The killer bee is almost dead.
You hit the orc warrior.
You kill the orc warrior!
You feel sick. You block the killer bee's attack. x2
The centaur shoots an arrow.
The arrow barely misses you.
The killer bee stings you but does no damage.
You closely miss the killer bee.
The killer bee is almost dead.
You block the killer bee's attack.
The centaur shoots an arrow.
The arrow hits you. You block the killer bee's attack.
A quokka skeleton comes into view.
You slash the killer bee!
You kill the killer bee!
Your Dodging skill increases to level 5!
The centaur shoots an arrow.
The arrow barely misses you.
The centaur shoots an arrow.
You block the arrow.
Things that are here:
an arrow; a killer bee corpse Are you sure you want to abandon this character and quit the game? (Confirm with "yes".)

, * ,, ....# ##..#.. #.
.##... #...##. * , ..##..*
.##.. * ###..#. ,
........# .....# #.#.#..
.........#......####...#..
, ...##.......
#....#.#.... *, ,
......Z.#c..###<...[.#....
* ,
.#......#.#..#.......##...
* ,
.........@##.#.......##..#
,,
#....))(.......##...##..#
,, ,
#....)(...##.###...#.#..[
#..##†(†..##.##.[..#.....
, ,
.........##.....####.### ,
.###.#.#..........# .. *
.....#.........## ,,,*
.....####............
,..... ####..#..#.#., *


You could see a centaur and a quokka skeleton.

Vanquished Creatures
  A hippogriff (D:7)
  2 orc warriors (D:7)
  An ice beast (D:5)
  A sky beast (D:5)
  2 black bears
  3 ogres
  A phantom (D:3)
  4 centaurs
  2 bullfrogs (D:7)
  5 killer bees (D:7)
  A scorpion (D:4)
  2 howler monkeys (D:7)
  2 crimson imps (D:6)
  A bullfrog zombie (D:5)
  2 hounds (D:5)
  2 orc priests (D:5)
  A jelly (D:4)
  8 orc wizards
  3 iguanas
  A worker ant (D:5)
  A killer bee zombie (D:7)
  A howler monkey zombie (D:5)
  A howler monkey skeleton (D:4)
  6 adders
  3 shadow imps
  An adder zombie (D:5)
  An adder skeleton (D:5)
  3 worms
  A dart slug (D:4)
  26 orcs
  2 giant cockroaches
  5 goblins
  3 hobgoblins
  8 jackals
  3 kobolds
  4 quokkas
  2 bats
  4 frilled lizards
  A goblin skeleton (D:6)
  A goblin zombie (D:6)
  3 hobgoblin zombies (D:6)
  2 kobold zombies (D:6)
  An orc skeleton (D:6)
  An orc zombie (D:6)
  3 rats
132 creatures vanquished.

Notes
Turn   | Place    | Note
-------+----------+-------------------------------------------
     0 | D:1      | EnegeticOcto the Deep Dwarf Fighter began the quest for the
                  | Orb.
     0 | D:1      | Reached XP level 1. HP: 20/20 MP: 1/1
    79 | D:2      | Reached XP level 2. HP: 26/28 MP: 2/2
   242 | D:3      | Reached XP level 3. HP: 34/34 MP: 2/2
   245 | D:3      | Noticed a phantom
   334 | D:3      | Killed a phantom
   334 | D:3      | Reached skill level 3 in Axes
   334 | D:3      | Reached skill level 1 in Dodging
   334 | D:3      | Reached XP level 4. HP: 43/43 MP: 3/3
   391 | D:4      | Found a stormy altar of Qazlal.
   391 | D:4      | Noticed an earth elemental
   406 | D:4      | Reached XP level 5. HP: 50/50 MP: 4/4
   414 | D:5      | Entered Level 5 of the Dungeon
   422 | D:4      | Noticed a water elemental
   424 | D:4      | Noticed a fire elemental
   426 | D:4      | Noticed an air elemental
   576 | D:4      | Reached skill level 4 in Axes
   987 | D:5      | Noticed an ogre
   990 | D:5      | Reached XP level 6. HP: 49/57 MP: 4/4
  1053 | D:5      | Found a blossoming altar of Fedhas.
  1066 | D:5      | Reached skill level 5 in Axes
  1066 | D:5      | Reached XP level 7. HP: 39/66 MP: 5/5
  1191 | D:5      | Reached skill level 5 in Fighting
  1424 | D:5      | Reached skill level 5 in Armour
  1431 | D:5      | Reached skill level 5 in Shields
  1431 | D:5      | Reached XP level 8. HP: 55/75 MP: 5/5
  1546 | D:5      | Reached skill level 6 in Axes
  1782 | D:6      | Found a glowing golden altar of the Shining One.
  1909 | D:6      | Found a glowing golden altar of the Shining One.
  2013 | D:6      | Found an ornate altar of the Wu Jian Council.
  2478 | D:7      | Reached skill level 7 in Axes
  2550 | D:7      | Gained mutation: You passively map the area around you.
                  | [Deep Dwarf growth]
  2550 | D:7      | Reached XP level 9. HP: 37/85 MP: 3/3
  2625 | D:7      | Reached skill level 5 in Dodging
  2628 | D:7      | Quit the game

Levels and vault maps discovered:
D:1:      psy_arrival_dodecagon, layout_basic
D:2:      layout_basic, amethyst_overflow_temple_binary, minmay_misc_feat_roman
D:3:      layout_basic, minmay_quantized
D:4:      layout_loops_ring, nicolae_qazlal_style_of_elements
D:5:      layout_rooms, nicolae_overflow_crystal_walls, first_ration,
          kennysheep_big_empty_room, glass_columns_a, hangedman_decor_opposing,
          st_stairs_13, minmay_misc_feat_encased
D:6:      layout_gridville, old_standard_altar, kennysheep_mini_moat,
          nicolae_tso_besieged_by_evil
D:7:      layout_cave_pools, minmay_temple_entry_offerings, the_bakery,
          kennysheep_windowed_goal

Skill      XL: |  1  2  3  4  5  6  7  8  9 |
---------------+----------------------------+-----
Fighting       | 3 4 5 6 |  6.9
Axes           | 3 4 5 7 |  7.8
Dodging        | 1 2 3 4 5 |  5.0
Armour         | 4 5 6 |  6.2
Shields        | 4 5 6 |  6.2

Action                   |  1- 3 |  4- 6 |  7- 9 || total
-------------------------+-------+-------+-------++-------
Melee: War axe           |    78 |   108 |   273 ||   459
 Abil: Heal Wounds       |     2 |     4 |    14 ||    20
  Use: Scroll            |       |       |    12 ||    12
  Eat: Chunk             |       |     1 |     6 ||     7
Armor: Scale mail        |    29 |       |       ||    29
       Chain mail        |    13 |    67 |   222 ||   302
Dodge: Dodged            |    31 |    39 |   139 ||   209
Block: Kite shield       |    54 |    75 |   265 ||   394

Table legend:
 A = Non-vault XP
 B = Vault XP
 C = Vault XP percentage of total XP
 D = Non-vault monster count
 E = Vault monster count
 F = Vault count percentage of total count
                 A         B        C        D         E       F
            +---------+---------+-------+---------+---------+-------
      Total |    3703 |      78 |   2.1 |     117 |      15 |  11.4
            +---------+---------+-------+---------+---------+-------
        D:1 |       7 |       0 |   0.0 |       5 |       0 |   0.0
        D:2 |      26 |       0 |   0.0 |       8 |       0 |   0.0
        D:3 |     139 |      21 |  13.1 |       8 |       5 |  38.5
        D:4 |     168 |       0 |   0.0 |      16 |       0 |   0.0
        D:5 |    1421 |       0 |   0.0 |      39 |       0 |   0.0
        D:6 |     466 |      57 |  10.9 |      18 |      10 |  35.7
        D:7 |    1476 |       0 |   0.0 |      23 |       0 |   0.0
            +---------+---------+-------+---------+---------+-------
